 Dungeon Crawl Stone Soup version 0.29.1-1-gd02db6906a (webtiles) character file.

Game seed: 13425475956520479450

4361 Earthwalker the Cleaver (level 10, 0/88 HPs)
             Began as a Minotaur Fighter on Oct 14, 2022.
             Was a Believer of Okawaru.
             Slain by a vampire (10 damage)
             ... on level 8 of the Dungeon.
             The game lasted 00:26:28 (10054 turns).

Earthwalker the Cleaver (Minotaur Fighter)         Turns: 10054, Time: 00:26:28

Health: 0/88       AC: 15    Str: 29    XL:     10   Next: 12%
Magic:  9/9        EV:  9    Int:  5    God:    Okawaru [**....]
Gold:   381        SH:  5    Dex:  9    Spells: 9/9 levels left

rFire   . . .      SeeInvis .   a - +1 war axe
rCold   . . .      Faith    .   c - +0 buckler
rNeg    . . .      Spirit   .   I - +0 plate armour
rPois   .          Reflect  .   (helmet restricted)
rElec   .          Harm     .   D - scarf {+Inv}
rCorr   .          Rampage  .   F - +0 pair of gloves {Str+3}
Will    .....                   (no boots)
Stlth   ..........              (no amulet)
HPRegen 0.24/turn               (no ring)
MPRegen 0.11/turn               (no ring)

@: no status effects
A: horns 2, retaliatory headbutt
a: Renounce Religion, Evoke Invisibility, Heroism


You were on level 8 of the Dungeon.
You worshipped Okawaru.
Okawaru was pleased with you.
You visited 2 branches of the dungeon, and saw 10 of its levels.

You collected 381 gold pieces.

Inventory:

Hand Weapons
 a - a +1 war axe (weapon)
Missiles
 h - a boomerang (quivered)
 k - 2 poisoned darts
 J - a throwing net
Armour
 b - a +0 scale mail
 c - a +0 buckler (worn)
 s - a +3 leather armour
 y - the +1 leather armour of the Griffon {Will+}
   (You found it on level 4 of the Dungeon)

   Will:      It increases your willpower.
 D - a scarf of invisibility (worn)
 E - the +2 ring mail of the Moon {rC+}
   (You found it on level 6 of the Dungeon)

   rC:        It protects you from cold.
 F - a +0 pair of gloves of strength (worn)
 I - a +0 plate armour (worn)
 M - a +0 hat
Jewellery
 x - a ring of wizardry
 G - an amulet of faith
 N - a ring of fire
Wands
 p - a wand of polymorph (3)
 r - a wand of flame (23)
 t - a wand of quicksilver (14)
 K - a wand of iceblast (10)
Scrolls
 e - 2 scrolls of enchant armour
 g - 6 scrolls of noise
 j - 5 scrolls of teleportation
 m - a scroll of fear
 u - 2 scrolls of magic mapping
 z - a scroll of silence {unknown}
 A - a scroll of poison {unknown}
 B - 2 scrolls of vulnerability {unknown}
 C - 2 scrolls of identify
 H - a scroll of fog
 L - a scroll of summoning {unknown}
Potions
 d - 3 potions of might
 f - 3 potions of heal wounds
 i - 3 potions of curing
 l - a potion of ambrosia {unknown}
 n - 3 potions of degeneration
 o - 2 potions of lignification {unknown}
 q - 2 potions of berserk rage {unknown}
 v - 2 potions of attraction {unknown}
 w - 2 potions of brilliance {unknown}


   Skills:
 * Level 8.1 Fighting
 * Level 10.9 Axes
 + Level 1.6 Throwing
 * Level 9.0 Armour
 * Level 4.9 Dodging
 + Level 0.8 Stealth
 * Level 7.2 Shields


You had 9 spell levels left.
You didn't know any spells.
Your spell library contained the following spells:

 Spells                   Type           Power      Damage    Failure   Level
 Sandblast                Erth           0%         2d4       99%         1
 Passwall                 Tmut/Erth      0%         N/A       100%        2
 Inner Flame              Hex/Fire       0%         N/A       100%        3
 Stone Arrow              Conj/Erth      0%         3d7       100%        3
 Cause Fear               Hex            0%         N/A       100%        4
 Discord                  Hex            0%         N/A       100%        8


Dungeon Overview and Level Annotations

Branches:
Dungeon (9/15)             Temple (1/1) D:5
   Lair: D:8-11         Orc: D:9-12

Altars:
Ashenzari
Cheibriados
Dithmenos
Elyvilon
Fedhas
Gozag
Hepliaklqana
Kikubaaqudgha
Makhleb
Nemelex Xobeh
Okawaru
Qazlal
Ru
Trog
Uskayaw
Vehumet
Wu Jian
Xom
Yredelemnul
Zin

Shops:
D:2 *   D:6 [   D:8 :

Portals:
Abyss: D:5

Annotations:
D:5 2 transporters
D:7 Joseph


Innate Abilities, Weirdness & Mutations

You have a pair of horns on your head.
You reflexively headbutt those who attack you in melee.


Message History

You bump into the crystal wall.
Something hits you. Something bites you but does no damage.
You hit something. Your headbutt misses something. Something hits you!
Something bites you but does no damage.
You bump into the crystal wall.
You hear some strange, mumbled words.
Something tries to affect you, but you resist.
You bump into the stone wall.
You feel less confused. Something hits you but does no damage.
Something bites you but does no damage.
You hit something but do no damage. Something hits you.
Something bites you but does no damage.
Okay, then.
Okay, then.
You miss something. Something hits you. Something bites you.
Something draws strength from your injuries!
You hit something. Your headbutt misses something.
Something hits you but does no damage. Something bites you.
Something draws strength from your injuries!
You hit something but do no damage. Something hits you but does no damage.
Something completely misses you.
You miss something. You headbutt something. Something hits you.
Something bites you but does no damage.
You hit something but do no damage. Something hits you but does no damage.
Something bites you but does no damage.
You closely miss something. Something hits you. Something bites you.
Something draws strength from your injuries!
You closely miss something. Something hits you but does no damage.
Something bites you but does no damage.
You hit something. You headbutt something! Something hits you!
Something bites you!
* * * LOW HITPOINT WARNING * * *
Something draws strength from your injuries!
You barely miss something. Something hits you!
* * * LOW HITPOINT WARNING * * *
Something bites you.
* * * LOW HITPOINT WARNING * * *
Something draws strength from your injuries!
You miss something. Something hits you!
You die...

.....#
#..#..
.....#
#..#.###
#...##
#..#.#..
#.# ###.#
#..#.#.#
#.#.# # #.#
#..#.#.#
#.#.# # #.#
#..#.#.#
#.#.# # #.#
#..#.#Y#
#.#.# # #.#
#.#.#{#.#
#.#.# # #.#
##)#.#@#V#
#..## ###.#
#..#.#.#..
#y... ....#
#..#.#.####
#..##
..#######
#..#.#..
#..#
........#
#..#.###
#..##
#.#####.#
#..#..
#...# #.#
#.#
#..#######
#...) #.#
#.#
#.........
######..##
#.# #.#
#.........
.........#


You could see an ice beast.

Vanquished Creatures
  Maggie (D:7)
  Grinder (D:3)
  A wyvern (D:8)
  6 yaks
  Eustachio (D:4)
  Menkaure (D:4)
  Duvessa (D:4)
  An ice beast (D:6)
  2 orc warriors
  A black bear (D:7)
  A phantom (D:5)
  Blork the orc (D:4)
  A bullfrog (D:8)
  A gnoll sergeant (D:7)
  5 scorpions
  8 wights
  Dowan (D:4)
  5 killer bees (D:8)
  An electric eel (D:7)
  A jelly (D:5)
  4 hounds
  5 orc priests
  3 iguanas
  Natasha (twice) (D:4 D:3)
  4 orc wizards
  Robin (D:2)
  8 adders
  12 gnolls
  2 shadow imps
  A white imp (D:5)
  An ufetubus (D:6)
  2 dart slugs
  23 orcs
  9 endoplasms
  4 giant cockroaches
  16 goblins
  10 hobgoblins
  2 jackals (D:2)
  4 quokkas
  6 ball pythons
  5 bats
  A frilled lizard (D:1)
  5 kobolds
  5 rats
176 creatures vanquished.

Vanquished Creatures (others)
  4 plants (D:2)
4 creatures vanquished.

Grand Total: 180 creatures vanquished

Notes
Turn   | Place    | Note
-------+----------+-------------------------------------------
     0 | D:1      | Earthwalker the Minotaur Fighter began the quest for the
                  | Orb.
     0 | D:1      | Reached XP level 1. HP: 19/19 MP: 0/0
   228 | D:1      | Reached XP level 2. HP: 27/27 MP: 1/1
   483 | D:1      | Found a faded altar of an unknown god.
   950 | D:2      | Reached XP level 3. HP: 29/33 MP: 2/2
   972 | D:2      | Reached skill level 3 in Axes
  1036 | D:2      | Found Minaul's General Store.
  1124 | D:2      | Noticed Robin
  1134 | D:2      | Killed Robin
  1404 | D:2      | Reached XP level 4. HP: 36/40 MP: 3/3
  1447 | D:2      | Reached skill level 1 in Dodging
  2050 | D:3      | You fall into a shaft and drop 2 floors!
  2050 | D:5      | Entered Level 5 of the Dungeon
  2065 | D:5      | Found a transporter.
  2073 | D:5      | Reached skill level 4 in Axes
  2094 | D:5      | Found a transporter.
  2124 | D:5      | Reached XP level 5. HP: 37/46 MP: 4/4
  2128 | D:5      | Reached skill level 5 in Armour
  2132 | D:5      | Reached skill level 5 in Axes
  2248 | D:5      | Found a staircase to the Ecumenical Temple.
  2257 | Temple   | Entered the Ecumenical Temple
  2563 | D:5      | Found a one-way gate to the infinite horrors of the Abyss.
  2572 | D:5      | Noticed a small abomination
  2594 | D:5      | Reached XP level 6. HP: 53/53 MP: 5/5
  3081 | D:5      | Reached skill level 6 in Axes
  3138 | D:5      | Reached XP level 7. HP: 59/60 MP: 6/6
  3588 | D:4      | Noticed Eustachio
  3629 | D:4      | Killed Eustachio
  3630 | D:4      | Reached skill level 5 in Fighting
  3630 | D:4      | Reached skill level 5 in Shields
  3765 | D:4      | Noticed Duvessa
  3766 | D:4      | Noticed Dowan
  3774 | D:4      | Noticed Natasha
  3775 | D:4      | Killed Duvessa
  3776 | D:4      | Reached skill level 7 in Axes
  3779 | D:4      | Killed Natasha
  3780 | D:4      | Killed Dowan
  3810 | D:4      | Noticed Natasha
  3829 | D:3      | Killed Natasha
  4048 | D:4      | Identified the +1 leather armour of the Griffon {Will+}
  4112 | D:4      | Reached XP level 8. HP: 46/68 MP: 7/7
  4361 | D:4      | Noticed Blork the orc
  4370 | D:4      | Killed Blork the orc
  4705 | D:4      | Noticed Menkaure
  4714 | D:4      | Killed Menkaure
  5406 | D:3      | Noticed Grinder
  5422 | D:3      | Killed Grinder
  5662 | D:6      | Found Deaw's Armour Shoppe.
  5675 | D:6      | Reached skill level 8 in Axes
  5712 | D:6      | Found a glowing silver altar of Zin.
  5712 | D:6      | Found an opulent altar of Gozag.
  5713 | D:6      | Found a basalt altar of Yredelemnul.
  5714 | D:6      | Found a burning altar of Makhleb.
  5714 | D:6      | Found an iron altar of Okawaru.
  5715 | D:6      | Found a shadowy altar of Dithmenos.
  5733 | D:6      | Became a worshipper of Warmaster Okawaru
  5803 | D:6      | Reached skill level 1 in Throwing
  6030 | D:6      | Identified the +2 ring mail of the Moon {rC+}
  6698 | D:6      | Reached XP level 9. HP: 54/75 MP: 8/8
  7032 | D:7      | Noticed Maggie
  7366 | D:7      | Killed Maggie
  7366 | D:7      | Reached * piety under Okawaru
  7367 | D:7      | Reached skill level 9 in Axes
  7543 | D:7      | Identified the +3 falchion of Ujaep {vamp, Contam rF+ Str+2
                  | Int+2}
  7615 | D:7      | Noticed Joseph
  8760 | D:8      | Found Astiwuam's Book Emporium.
  8887 | D:7      | Reached skill level 10 in Axes
  8894 | D:7      | Reached ** piety under Okawaru
  9175 | D:8      | Reached XP level 10. HP: 63/88 MP: 9/9
  9461 | D:8      | Reached *** piety under Okawaru
  9682 | D:9      | Noticed a two-headed ogre
 10054 | D:8      | Slain by a vampire

Illustrated notes

Levels and vault maps discovered:
D:1:      roderic_chinese_lattice_arrival, layout_basic,
          shapermc_ecumenical_altar_mp_vishouse, serial_bayou_pond_e
D:2:      cheibrodos_old_hovel, layout_rooms, serial_shops, nicolae_square_shop,
          uniq_robin
D:3:      layout_loops_corners, minmay_goblin_kobold_house, uniq_grinder
D:4:      layout_rooms, hangedman_abyss_or_decor_passed, uniq_eustachio,
          uniq_duvessa, uniq_menkaure, uniq_natasha, uniq_blork_the_orc
D:5:      layout_loops_corners, minmay_temple_entry_mini_moons,
          gammafunk_ghost_abyssal_escape
D:6:      layout_basic, grunt_temple_overflow_open, serial_shops,
          nicolae_shop_hallway_stairs, abandoned_shop
D:7:      layout_cave_pods, lightli_minifort, uniq_joseph, uniq_maggie
D:8:      minmay_distorted_concentric_squares, layout_loops_ring,
          tso_oasis_becter, serial_shops, nicolae_shop_hallway_stairs
D:9:      layout_rooms, orc_0_dummy
Temple:   eino_temple_water

Skill      XL: |  1  2  3  4  5  6  7  8  9 10 |
---------------+-------------------------------+-----
Armour         | 4 5 6 7 8 9 |  9.0
Fighting       | 4 5 6 7 8 |  8.1
Axes           | 3 4 5 6 7 8 10 | 10.9
Shields        | 4 5 6 7 |  7.2
Dodging        | 1 2 3 4 |  4.9
Throwing       | 1 |  1.6
Stealth        | |  0.8

Action                   |  1- 3 |  4- 6 |  7- 9 | 10-12 || total
-------------------------+-------+-------+-------+-------++-------
Melee: War axe           |    79 |    68 |   265 |    61 ||   473
       Headbutt          |     8 |    17 |    48 |     5 ||    78
Throw: Boomerang         |     4 |       |    38 |       ||    42
  Use: Scroll            |     2 |     6 |     2 |       ||    10
       Potion            |       |       |       |     1 ||     1
Armor: Scale mail        |    46 |    23 |    60 |       ||   129
       Plate armour      |       |       |    26 |    48 ||    74
       Ring mail         |       |       |     2 |       ||     2
Dodge: Dodged            |    51 |    33 |   111 |    25 ||   220
Block: Buckler           |    20 |    11 |    55 |    15 ||   101
